 Dungeon Crawl Stone Soup version 0.22-a0-305-gd21a89c (webtiles) character file.

229051 Amnesiac the Peltast (level 18, -13/138 HPs)
             Began as a Mummy Conjurer on Mar 31, 2018.
             Was a High Priest of Sif Muna.
             Mangled by a wolf spider (26 damage)
             ... on level 1 of the Spider Nest.
             The game lasted 01:28:43 (42460 turns).

Amnesiac the Peltast (Mummy Conjurer)              Turns: 42460, Time: 01:28:44

Health: -13/138    AC: 12    Str: 11    XL:     18   Next: 72%
Magic:  35/50      EV: 19    Int: 23    God:    Sif Muna [*****.]
Gold:   2752       SH:  0    Dex: 12    Spells: 23/44 levels left

rFire    + . .     SeeInvis .   a - staff of power
rCold    + . .     Gourm    .   l - +0 shield {rF+}
rNeg     + + +     Faith    .   h - +2 robe {Archmagi}
rPois    ∞         Spirit   .   o - +1 hat {MR+}
rElec    .         Reflect  .   r - scarf {repulsion}
rCorr    .         Harm     .   v - +2 pair of gloves
MR       +++..                  y - +0 pair of boots
Stlth    +.........             B - amulet of magic regeneration
HPRegen  0.33/turn              A - +3 ring of protection
MPRegen  0.57/turn              D - ring of protection from fire

@: confused, divine energy, repel missiles
A: no food or potions, fire vulnerability, cold resistance 1, negative energy
resistance 3, torment resistance, unbreathing, in touch with death 1
}: 1/15 runes: decaying
a: Stop Divine Energy, Channel Magic, Forget Spell, Renounce Religion


You were on level 1 of the Spider Nest.
You worshipped Sif Muna.
Sif Muna was extremely pleased with you.
You were not hungry.

You visited 6 branches of the dungeon, and saw 29 of its levels.
You also visited: Labyrinth, Ossuary and Ice Cave.

You collected 3367 gold pieces.
You spent 615 gold pieces at shops.

Inventory:

Hand Weapons
 I - the +5 short sword of Change {freeze, rPois rF++ MR+ SInv}
   (You took it off a deep elf sorcerer on level 3 of the Elven Halls)

   It has been specially enchanted to freeze those struck by it, causing extra
   injury to most foes and up to half again as much damage against particularly
   susceptible opponents.
   It can also slow down cold-blooded creatures.
   It greatly protects you from fire.
   It protects you from poison.
   It affects your resistance to hostile enchantments.
   It lets you see invisible.
Armour
 h - a +2 robe of the Archmagi (worn)
 i - a scarf of resistance
 l - a +0 shield of fire resistance (worn)
 o - a +1 hat of magic resistance (worn)
 r - a scarf of repulsion (worn)
 v - a +2 pair of gloves (worn)
 y - a +0 pair of boots (worn)
Magical Staves
 a - an uncursed staff of power (weapon)
 b - an uncursed staff of conjuration
Jewellery
 f - a +3 ring of protection
 s - an uncursed amulet of faith
 x - an uncursed amulet of guardian spirit
 A - a +3 ring of protection (left hand)
 B - an amulet of magic regeneration (around neck)
 C - an uncursed ring of see invisible
 D - a ring of protection from fire (right hand)
Wands
 c - a wand of iceblast (4)
 d - a wand of scattershot (8)
 j - a wand of disintegration (17)
 w - a wand of paralysis (18)
 z - a wand of clouds (10)
 F - a wand of acid (45)
 G - a wand of random effects (57)
 M - a wand of enslavement (14)
Scrolls
 e - 4 scrolls of fog {!r}
 g - 9 scrolls of remove curse {!r}
 k - 2 scrolls of fear {!r}
 m - 4 scrolls of amnesia {!r}
 n - 6 scrolls of enchant weapon {!r}
 p - 5 scrolls of magic mapping {!r}
 q - 4 scrolls of blinking {!r}
 t - 15 scrolls of identify {!r}
 u - 2 scrolls of brand weapon {!r}
 E - 13 scrolls of teleportation {!r}
 H - a scroll of vulnerability {!r}
 J - 5 scrolls of enchant armour {!r}


   Skills:
 - Level 11.0 Fighting
 - Level 13.0 Dodging
 - Level 1.5 Stealth
 - Level 16.0 Shields
 + Level 13.6 Spellcasting
 * Level 13.6 Conjurations
 - Level 5.0 Translocations
 - Level 8.0 Invocations


You had 23 spell levels left.
You knew the following spells:

 Your Spells              Type           Power        Failure   Level  Hunger
a - Iskenderun's Mystic   Conj           #######.     1%          4    N/A
b - Passage of Golubria   Tloc           N/A          4%          4    N/A
d - Orb of Destruction    Conj           #######...   12%         7    N/A
v - Blink                 Tloc           N/A          1%          2    N/A
w - Force Lance           Conj/Tloc      ######..     1%          4    N/A

Dungeon Overview and Level Annotations

Branches:
Dungeon (12/15)            Temple (0/1) D:6            Lair (6/6) D:11
  Swamp (4/4) Lair:4       Spider (2/4) Lair:4        Slime (0/5) Lair:5
    Orc (2/2) D:12            Elf (3/3) Orc:2

Altars:
Ashenzari
Cheibriados
Dithmenos
Elyvilon
Gozag
Kikubaaqudgha
Makhleb
Nemelex Xobeh
Sif Muna
Vehumet
Wu Jian
Xom
Zin
Beogh
Jiyva

Shops:
D:6 *![!   D:8 [   D:9 (   Orc:2 }[!!   Elf:1 [   Elf:3 =


Innate Abilities, Weirdness & Mutations

You do not eat or drink.
Your flesh is vulnerable to fire.
You are immune to poison.
Your flesh is cold resistant. (rC+)
You are immune to negative energy. (rN+++)
You are immune to unholy pain and torment.
You can survive without breathing.
You are in touch with the powers of death.


Message History

Confirm with . or Enter, or press ? or * to list all spells.
Aiming: Orb of Destruction (slightly dangerous; 12% risk of failure)
Press: ? - help, Shift-Dir - straight line, f/p - jumping spider
Aim: a jumping spider You feel a surge of power!
You miscast Orb of Destruction.
Sif Muna protects you from the effects of your miscast!
The wolf spider misses you. You block the wolf spider's attack.
The jumping spider leaps!
Casting: Orb of Destruction (slightly dangerous; 12% risk of failure)
Confirm with . or Enter, or press ? or * to list all spells.
Aiming: Orb of Destruction (slightly dangerous; 12% risk of failure)
Press: ? - help, Shift-Dir - straight line, f - wolf spider
Aim: a wolf spider (magical condensation, severely wounded)
You feel a surge of power!
You miscast Orb of Destruction.
Sif Muna protects you from the effects of your miscast!
The wolf spider misses you. You block the wolf spider's attack.
A moth of wrath comes into view.
The tarantella barely misses you. You block the wolf spider's attack.
The wolf spider closely misses you.
The moth of wrath goads the tarantella on!
The tarantella goes berserk!
The moth of wrath goads the wolf spider on!
The wolf spider goes berserk!
The tarantella bites you.
You are confused.
The wolf spider hits you! The wolf spider misses you.
In your confused state, you trip and fall back down the stairs.
The wolf spider barely misses you. The wolf spider bites you.
The tarantella barely misses you. The tarantella bites you!
The wolf spider misses you. The wolf spider closely misses you.
The tarantella bites you!!
Being near the torpor snail leaves you feeling lethargic.
A redback and a torpor snail come into view.
Unknown command.
Unknown command.
Unknown command.
The wolf spider completely misses you.
The wolf spider bites you but does no damage.
The tarantella barely misses you.
The tarantella bites you but does no damage.
The wolf spider hits you! The wolf spider bites you!
* * * LOW HITPOINT WARNING * * *
The tarantella completely misses you. The wolf spider hits you.
* * * LOW HITPOINT WARNING * * *
The wolf spider barely misses you. The tarantella closely misses you.
The tarantella bites you!
* * * LOW HITPOINT WARNING * * *
You climb upwards.
You feel yourself speed up.
There is a stone staircase leading down here.
You hit the tarantella.
The tarantella is lightly wounded.
You feel less confused. You block the wolf spider's attack.
The wolf spider misses you.
The tarantella misses you. x2; You block the wolf spider's attack.
The wolf spider bites you.
* * * LOW HITPOINT WARNING * * *
The tarantella bites you!!
* * * LOW HITPOINT WARNING * * *
The tarantella closely misses you. You block the wolf spider's attack.
The wolf spider misses you. The tarantella bites you.
* * * LOW HITPOINT WARNING * * *
You are confused.
You're too confused to move!
The wolf spider hits you!!
You die...

#################################
.#................##.............
..............^....#.............
.................s.#............#
...............s@s##..........###
##......##........##..........#..
##.##...#..%......##.........#..
####...#..........#.........##.
##..##........##.........#..
####..#).....###....###...#..
##.#.^##...../##....##.###.##.
##....##........#...##....####.
###....##........##...#.......##.


You could see a wolf spider (berserk) and 2 tarantellas.

Vanquished Creatures
  Mara (Swamp:3)
  the Lernaean hydra (Swamp:4)
  Nikola (Elf:2)
  A tentacled monstrosity (Swamp:3)
  Rupert (Spider:1)
  A deep elf blademaster (Elf:3)
  2 deep elf master archers (Elf:3)
  Frances (D:12)
  Donald (Orc:2)
  Roxanne (Elf:2)
  3 thorn hunters
  A frost giant (IceCv)
  6 deep elf sorcerers
  Louise (Spider:1)
  8 deep elf elementalists (Elf:3)
  An entropy weaver (Spider:1)
  A stone giant (Orc:2)
  3 deep elf demonologists (Elf:3)
  A minotaur (Lab)
  2 deep elf death magi (Elf:3)
  4 deep elf annihilators (Elf:3)
  Snorg (Lair:3)
  Josephine (Orc:1)
  A catoblepas (D:8)
  4 deep elf high priests
  19 hydras
  A death knight (D:12)
  A centaur warrior (D:11)
  14 two-headed ogres
  6 death yaks
  9 alligators
  25 dancing weapons
  2 ogre magi
  10 deep elf knights
  Nergalle (Orc:2)
  7 skeletal warriors
  2 spriggan druids
  A wizard (Elf:1)
  Pikel (D:6)
  2 orc knights
  50 deep elf magi
  5 swamp dragons (Swamp:4)
  A phantasmal warrior (D:12)
  A shambling mangrove (Swamp:2)
  A lindwurm (Lair:6)
  9 orc sorcerers
  7 wolf spiders
  11 deep elf archers
  3 oklob plants (Lair:5)
  5 orb spiders
  Maurice (D:12)
  4 black mambas
  Psyche (D:10)
  5 elephants
  A guardian serpent (shapeshifter) (Elf:3)
  A torpor snail (Lair:6)
  18 spiny frogs
  6 komodo dragons
  2 kobold demonologists
  2 small abominations
  5 rime drakes
  3 demonic crawlers (Spider:1)
  A queen bee (D:8)
  4 trolls
  7 jumping spiders
  23 polar bears
  5 tyrant leeches
  12 hornets
  16 slime creatures
  35 blink frogs
  7 hippogriffs
  2 bog bodies
  5 raiju (Lair:6)
  Sigmund (D:4)
  4 shadows
  11 tarantellas (Spider:1)
  2 vampires
  7 wraiths
  4 water elementals
  A fire elemental (Elf:2)
  5 basilisks
  11 spriggans
  A wyvern (D:10)
  42 yaks
  30 redbacks
  8 hungry ghosts
  A steam dragon (D:11)
  8 vampire mosquitoes
  23 swamp worms
  Edmund (D:5)
  Menkaure (D:4)
  5 wargs
  17 insubstantial wisps
  Duvessa (D:3)
  12 hell hounds (Lair:6)
  14 porcupines
  9 water moccasins
  10 swamp drakes
  10 orc warriors
  2 sky beasts
  4 slaves (D:6)
  3 ice beasts
  12 black bears
  3 phantoms
  32 wolves
  19 ogres
  A necrophage (D:11)
  A boggart (Elf:1)
  2 centaurs
  11 crocodiles
  2 big kobolds
  10 bullfrogs
  3 earth elementals
  9 scorpions
  Dowan (D:3)
  19 killer bees
  An electric eel (Lair:3)
  6 wights
  8 howler monkeys
  8 crimson imps
  2 centaur zombies
  10 orc priests
  8 hounds
  A quasit (D:9)
  6 jellies
  27 orc wizards
  A bullfrog skeleton (D:8)
  2 centaur skeletons
  3 iguanas
  4 hell rats
  5 worker ants
  A hound zombie (D:8)
  3 mummies (Ossuary)
  2 howler monkey skeletons
  8 gnolls
  9 adders
  11 river rats (Lair:6)
  4 oozes
  3 adder zombies (Ossuary)
  3 adder skeletons
  4 worms
  2 dart slugs
  5 leopard geckos
  62 orcs
  12 bats
  12 giant cockroaches
  4 hobgoblins
  15 jackals
  3 quokkas
  A ball python (D:6)
  6 frilled lizards
  8 goblins
  3 goblin zombies (Ossuary)
  2 hobgoblin zombies (Ossuary)
  22 kobolds
  A kobold zombie (Ossuary)
  A leopard gecko skeleton (D:4)
  An orc zombie (Ossuary)
  5 quokka zombies (Ossuary)
  6 rats
  3 rat zombies (Ossuary)
  2 crawling corpses (Elf:3)
  3 fungi
  3 plants (Lair:5)
1104 creatures vanquished.

Vanquished Creatures (others)
  A deep elf knight (Elf:2)
  6 polar bears (IceCv)
  2 yaks (IceCv)
  A wolf (IceCv)
  A fungus (Lair:6)
  19 plants
30 creatures vanquished.

Grand Total: 1134 creatures vanquished

Notes
Turn   | Place    | Note
-------+----------+-------------------------------------------
     0 | D:1      | Amnesiac the Mummy Conjurer began the quest for the Orb.
     0 | D:1      | Reached XP level 1. HP: 13/13 MP: 4/4
   335 | D:1      | Reached XP level 2. HP: 19/19 MP: 1/6
   769 | D:1      | Learned a level 2 spell: Searing Ray
   798 | D:2      | Found a white marble altar of Elyvilon.
   827 | D:2      | Reached skill level 1 in Shields
   827 | D:2      | Reached XP level 3. HP: 24/24 MP: 8/8
  1024 | D:2      | Reached skill level 2 in Shields
  1027 | D:2      | Reached XP level 4. HP: 27/30 MP: 3/9
  1991 | D:3      | Found a deep blue altar of Sif Muna.
  2025 | D:3      | Became a worshipper of Sif Muna the Loreminder
  2509 | D:4      | Reached skill level 3 in Shields
  2509 | D:4      | Reached XP level 5. HP: 29/35 MP: 1/10
  2515 | D:4      | Learned a level 4 spell: Iskenderun's Mystic Blast
  2834 | D:4      | Noticed Duvessa
  2834 | D:4      | Noticed Dowan
  3319 | D:4      | Reached XP level 6. HP: 38/41 MP: 2/12
  3558 | D:4      | Noticed Menkaure
  3622 | D:4      | Killed Menkaure
  3787 | D:4      | Noticed Sigmund
  3803 | D:4      | Killed Sigmund
  3803 | D:4      | Reached * piety under Sif Muna
  3803 | D:4      | Reached skill level 5 in Spellcasting
  3803 | D:4      | Reached skill level 5 in Conjurations
  3803 | D:4      | Reached XP level 7. HP: 36/46 MP: 4/14
  3879 | D:4      | Reached skill level 4 in Shields
  4238 | D:3      | Killed Dowan
  4243 | D:3      | Killed Duvessa
  4277 | D:5      | Entered Level 5 of the Dungeon
  4616 | D:5      | Reached XP level 8. HP: 46/52 MP: 12/17
  4690 | D:5      | Found a shimmering altar of Xom.
  4691 | D:5      | Found a shimmering altar of Xom.
  4692 | D:5      | Found a shimmering altar of Xom.
  4741 | D:5      | Reached ** piety under Sif Muna
  4883 | D:5      | Got a smoking quarterstaff
  4895 | D:5      | Noticed Edmund
  4930 | D:5      | Found a sand-covered staircase.
  4933 | Ossuary  | Entered an ossuary
  5354 | D:5      | Killed Edmund
  5860 | D:6      | Found Retoapt's Distillery.
  5895 | D:6      | Found Nenak's Assorted Antiques.
  5903 | D:6      | Bought a scroll labeled PUXIF GUUTIESA for 29 gold pieces
  5903 | D:6      | Bought a scroll labeled VOMAGURUAL for 29 gold pieces
  5903 | D:6      | Bought a lumpy steel amulet for 145 gold pieces
  6033 | D:6      | Found a staircase to the Ecumenical Temple.
  6036 | D:6      | Found Horis's Armour Emporium.
  6042 | D:6      | Bought a +0 helmet for 58 gold pieces
  6042 | D:6      | Bought a +0 pair of boots for 58 gold pieces
  6160 | D:6      | Noticed Pikel
  6238 | D:6      | Killed Pikel
  6238 | D:6      | Reached *** piety under Sif Muna
  6238 | D:6      | Reached XP level 9. HP: 51/57 MP: 0/21
  6345 | D:6      | Found Tiowiz's Distillery.
  6437 | D:6      | Found an ornate altar of the Wu Jian Council.
  6501 | D:6      | Found a faded altar of an unknown god.
  6501 | D:6      | Found a faded altar of an unknown god.
  6508 | D:6      | Found a burning altar of Makhleb.
  6510 | D:6      | Found a glowing silver altar of Zin.
  6512 | D:6      | Found a snail-covered altar of Cheibriados.
  7484 | D:7      | Found a shadowy altar of Dithmenos.
  7511 | D:7      | Found a shattered altar of Ashenzari.
  7587 | D:7      | Reached **** piety under Sif Muna
  7949 | D:8      | Reached XP level 10. HP: 63/63 MP: 0/23
  8097 | D:8      | Found Nedatael's Armour Shop.
  8118 | D:8      | Found an opulent altar of Gozag.
  8123 | D:8      | Reached skill level 10 in Conjurations
  8129 | D:8      | Reached skill level 10 in Spellcasting
  8170 | D:8      | Found a sparkling altar of Nemelex Xobeh.
  8730 | D:8      | Noticed a two-headed ogre
  8737 | D:8      | Killed a two-headed ogre
  8737 | D:8      | Reached ***** piety under Sif Muna
  8737 | D:8      | Received a gift from Sif Muna
  8762 | D:8      | Noticed a catoblepas
  8811 | D:8      | Killed a catoblepas
  8867 | D:8      | Reached skill level 1 in Invocations
  9137 | D:9      | Noticed a two-headed ogre
  9142 | D:9      | Killed a two-headed ogre
  9229 | D:9      | Noticed a two-headed ogre
  9241 | D:9      | Killed a two-headed ogre
  9241 | D:9      | Reached XP level 11. HP: 32/68 MP: 0/26
  9250 | D:9      | Reached skill level 5 in Invocations
  9454 | D:9      | Found Oniad's Weapon Emporium.
  9668 | D:9      | Noticed a two-headed ogre
  9721 | D:10     | Entered Level 10 of the Dungeon
  9855 | D:10     | Killed a two-headed ogre
 10077 | D:10     | Noticed a two-headed ogre
 10081 | D:10     | Killed a two-headed ogre
 10156 | D:10     | Noticed Psyche
 10162 | D:10     | Killed Psyche
 10518 | D:11     | Found a staircase to the Lair.
 10518 | D:11     | Noticed a death yak
 10519 | D:11     | Noticed a death yak
 10530 | D:11     | Killed a death yak
 10532 | D:11     | Noticed a death yak
 10570 | D:11     | Killed a death yak
 10585 | D:11     | HP: 3/68 [death yak (17)]
 10896 | D:11     | Noticed a centaur warrior
 10902 | D:11     | Killed a centaur warrior
 11210 | D:11     | Killed a death yak
 11210 | D:11     | Reached XP level 12. HP: 66/84 MP: 9/27
 11438 | D:11     | Reached skill level 5 in Fighting
 11466 | D:11     | Noticed a two-headed ogre
 11472 | D:11     | Killed a two-headed ogre
 11472 | D:11     | Reached skill level 5 in Dodging
 11787 | Lair:1   | Entered Level 1 of the Lair of Beasts
 11962 | Lair:1   | Noticed a six-headed hydra
 11968 | Lair:1   | Killed a six-headed hydra
 13540 | Lair:3   | Noticed a death yak
 13542 | Lair:3   | Noticed a death yak
 13544 | Lair:3   | Noticed a death yak
 13582 | Lair:2   | Killed a death yak
 13603 | Lair:2   | HP: 4/86 [death yak (10)]
 13617 | Lair:2   | Killed a death yak
 13875 | Lair:3   | Gained mutation: You are in touch with the powers of death. [Mummy growth]
 13875 | Lair:3   | Reached XP level 13. HP: 91/91 MP: 3/28
 13875 | Lair:3   | Reached skill level 10 in Dodging
 14015 | Lair:3   | Identified Sif Muna's Reference Book on Clay and the Oath (Sif Muna gifted it to you on level 3 of the Lair of Beasts)
 14015 | Lair:3   | Received a gift from Sif Muna
 14180 | Lair:3   | Noticed Snorg
 14209 | Lair:3   | Killed Snorg
 15034 | Lair:4   | Found a hole to the Spider Nest.
 15512 | Lair:4   | Found a staircase to the Swamp.
 15849 | Lair:5   | Found a viscous altar of Jiyva.
 15849 | Lair:5   | Found a staircase to the Slime Pits.
 17223 | Lair:6   | Entered Level 6 of the Lair of Beasts
 17689 | Lair:6   | Found a frozen archway.
 17758 | Lair:6   | Reached XP level 14. HP: 97/106 MP: 0/29
 17796 | IceCv    | Identified a paperback manual
 17796 | IceCv    | Entered an ice cave
 18564 | IceCv    | Noticed a frost giant
 18584 | IceCv    | Killed a frost giant
 18584 | IceCv    | Reached skill level 10 in Fighting
 19486 | Lair:6   | HP: 5/113 [eight-headed hydra (9)]
 19733 | Lair:6   | Reached skill level 5 in Shields
 20023 | Lair:6   | Reached skill level 6 in Shields
 20474 | Lair:6   | Learned a level 4 spell: Force Lance
 20746 | D:11     | Reached skill level 1 in Translocations
 21102 | D:12     | Noticed Frances
 21115 | D:12     | Killed Frances
 21306 | D:12     | Received a gift from Sif Muna
 21311 | D:12     | Learned a level 2 spell: Blink
 21316 | D:12     | Learned a level 4 spell: Passage of Golubria
 21904 | D:12     | Reached skill level 5 in Translocations
 22060 | D:12     | Found a staircase to the Orcish Mines.
 22399 | D:12     | Reached skill level 7 in Shields
 22443 | D:12     | Reached XP level 15. HP: 118/118 MP: 7/30
 22656 | Orc:1    | Entered Level 1 of the Orcish Mines
 22656 | Orc:1    | Noticed Josephine
 22661 | Orc:1    | Noticed Maurice
 22664 | Orc:1    | Killed Josephine
 22806 | D:12     | Killed Maurice
 23631 | Orc:2    | Entered Level 2 of the Orcish Mines
 23696 | Orc:2    | Found a labyrinth entrance.
 23710 | Lab      | Entered a labyrinth
 23836 | Lab      | Reached skill level 8 in Shields
 23841 | Lab      | Got a sparkling steel ring
 23841 | Lab      | Got a smoking scythe
 23845 | Lab      | Identified the ring "Puguorgh" {+Fly Int+4} (You found it in a labyrinth)
 23966 | Orc:2    | Found a staircase to the Elven Halls.
 24015 | Orc:2    | Noticed Donald
 24486 | Orc:2    | Found a roughly hewn altar of Beogh.
 24854 | Orc:2    | Found Cymoasou's Gadget Boutique.
 24950 | Orc:2    | Found a radiant altar of Vehumet.
 24983 | Orc:2    | Noticed Nergalle
 25071 | Orc:2    | Reached skill level 9 in Shields
 25123 | Orc:2    | Killed Nergalle
 25201 | Orc:2    | Found a roughly hewn altar of Beogh.
 25201 | Orc:2    | Found Baaqaz's Distillery.
 25210 | Orc:2    | Found Poal's Antique Armour Shop.
 25245 | Orc:2    | Found an ancient bone altar of Kikubaaqudgha.
 25271 | Orc:2    | Found Yraeq's Distillery.
 25396 | Orc:2    | Killed Donald
 25550 | Orc:2    | Bought a glowing scarf for 296 gold pieces
 25659 | Elf:1    | Entered Level 1 of the Elven Halls
 25915 | Elf:1    | Reached skill level 10 in Shields
 26230 | Elf:1    | Noticed a deep elf sorcerer
 26242 | Elf:1    | Killed a deep elf sorcerer
 26545 | Elf:1    | Reached skill level 11 in Shields
 26734 | Elf:1    | Noticed a deep elf sorcerer
 26742 | Elf:1    | Killed a deep elf sorcerer
 26742 | Elf:1    | Reached XP level 16. HP: 125/125 MP: 16/31
 26869 | Elf:1    | Found Cuduarom's Armour Shop.
 27830 | Elf:2    | Noticed Roxanne
 27945 | Elf:2    | Killed Roxanne
 28074 | Elf:2    | Reached skill level 12 in Shields
 28772 | Elf:2    | Found a runed gate.
 28772 | Elf:2    | Found a runed gate.
 28772 | Elf:2    | Found a runed gate.
 28809 | Elf:2    | Noticed Nikola
 29300 | Elf:2    | Reached skill level 13 in Shields
 29354 | Elf:2    | Received a gift from Sif Muna
 30139 | Elf:2    | Killed Nikola
 30493 | Elf:3    | Entered Level 3 of the Elven Halls
 30592 | Elf:3    | Found Etuus's Jewellery Shoppe.
 30678 | Elf:3    | Reached skill level 14 in Shields
 31103 | Elf:3    | Reached XP level 17. HP: 131/131 MP: 32/32
 31236 | Elf:3    | Noticed a deep elf master archer
 31729 | Elf:3    | Killed a deep elf master archer
 31872 | Elf:3    | Reached skill level 15 in Shields
 31874 | Elf:3    | Got a fine short sword {freeze}
 31879 | Elf:3    | Identified the +5 short sword of Change {freeze, rPois rF++ MR+ SInv} (You took it off a deep elf sorcerer on level 3 of the Elven Halls)
 32059 | Elf:3    | Noticed a deep elf master archer
 33227 | Elf:3    | Noticed a deep elf blademaster
 33235 | Elf:3    | Killed a deep elf blademaster
 33370 | Elf:3    | Noticed a Brimstone Fiend
 33503 | Elf:3    | Got a brightly glowing scale mail
 33528 | Elf:3    | Killed a deep elf master archer
 33801 | Elf:3    | Identified the Catalogue of Supportive Poison
 33837 | Elf:3    | Found the +3 giant club "Skullcrusher" {speed, Str+7}
 33852 | Elf:3    | Got a pair of polished boots
 33863 | Elf:3    | Identified the cursed -6 pair of boots of the Evening Star {+Blink Dex+3} (You found it on level 3 of the Elven Halls)
 33885 | Elf:3    | Identified the +3 scale mail of Pathos {-Tele rElec Int-5 Stlth+} (You took it off a deep elf blademaster on level 3 of the Elven Halls)
 33913 | Elf:3    | Learned a level 7 spell: Orb of Destruction
 33918 | Elf:3    | Identified the Reference Book on Cloudy Necromancy
 34387 | Swamp:1  | Entered Level 1 of the Swamp
 34454 | Swamp:1  | Reached skill level 16 in Shields
 37099 | Swamp:3  | Noticed a tentacled monstrosity
 37122 | Swamp:3  | Killed a tentacled monstrosity
 37335 | Swamp:3  | Noticed Mara
 37352 | Swamp:3  | Noticed Amnesiac's illusion
 37632 | Swamp:3  | Noticed Amnesiac's illusion
 37871 | Swamp:3  | Noticed Amnesiac's illusion
 38035 | Swamp:3  | Noticed Amnesiac's illusion
 38364 | Swamp:3  | Noticed Amnesiac's illusion
 38366 | Swamp:3  | Killed Mara
 38366 | Swamp:3  | Reached XP level 18. HP: 138/138 MP: 20/33
 38933 | Swamp:4  | Entered Level 4 of the Swamp
 39783 | Swamp:4  | Noticed the 27-headed Lernaean hydra
 40121 | Swamp:4  | Killed the 27-headed Lernaean hydra
 40123 | Swamp:4  | Identified Nasue's Almanac of the Compass and Ice (Sif Muna gifted it to you on level 4 of the Swamp)
 40123 | Swamp:4  | Received a gift from Sif Muna
 40480 | Swamp:4  | Got a decaying rune of Zot
 40821 | Spider:1 | Entered Level 1 of the Spider Nest
 41789 | Spider:1 | Noticed Rupert
 41792 | Spider:1 | Killed Rupert
 41834 | Spider:1 | Noticed Louise
 41844 | Spider:1 | Killed Louise
 42460 | Spider:1 | Mangled by a wolf spider

Vault maps used:
D:1:      minmay_arrival_widening_spiral_wide
D:2:      lemuel_doored_altar
D:3:      led_sif_pool, minmay_misc_feat_tiny
D:4:      uniq_menkaure, uniq_sigmund, uniq_duvessa
D:5:      xom_redecorated, first_ration, lightli_ossuary_entry_decrepit_ruins,
          feat_on_display, uniq_edmund
D:6:      chequers_temple_overflow_minitemple, kennysheep_mini,
          minmay_temple_entry_grid, serial_shops, shop, nicolae_shop_crystal,
          shop, shop, uniq_pikel
D:7:      ashenzari_altar_1, nicolae_overflow_hidden_temple,
          grunt_ministairs_14, the_bakery, kennysheep_crisscross
D:8:      wad_cavern_with_rooms, grunt_temple_overflow_opulence, serial_shops,
          kennysheep_little_box, nicolae_looking_at_the_future
D:9:      serial_shops, shop
D:10:     kennysheep_generic_room_16, uniq_psyche
D:11:     dpeg_lair_monsters
D:12:     david_orc_2, minivault_24, uniq_frances
Lair:2:   special_room, grunt_megastairs_5
Lair:3:   wad_woods_road_03, infiniplex_staircase_pool, serial_bayou_shore_b,
          uniq_snorg
Lair:4:   minmay_swamp_entry_worms, nicolae_spider_entry_non_spiders
Lair:5:   slime_altar_1, minmay_lair_oklob_chamber
Lair:6:   hangedman_lair_caniforms_friends,
          portal_ice_cave_entry_animals_and_master, kennysheep_rathole,
          serial_bayou_shore_b, grunt_megastairs_4, infiniplex_staircase_pool_2
Swamp:1:  evilmike_swamp_ruin_rubble_1
Swamp:2:  evilmike_swamp_ruin_rubble_2, swamp_pool2
Swamp:3:  cheibrodos_swamp_monstrosity, hangedman_swamp_ruin_wall, swamp_pool1,
          uniq_mara
Swamp:4:  swamp_old_school
Spider:1: uniq_rupert, uniq_louise
Spider:2: cheibrodos_forgotten_conduit
Orc:1:    uniq_maurice, uniq_josephine
Orc:2:    kennysheep_orc_mage_school, basic_altar, lab_entry_generic,
          uniq_donald
Elf:1:    eino_elf_arrival_shootout, serial_shops, nicolae_shop_waterfront,
          hangedman_elf_disciples
Elf:2:    nicolae_elf_w_pinch, uniq_nikola, uniq_roxanne
Elf:3:    minmay_elf_hall_curves, serial_shops, nicolae_shop_crystal
Lab:      labyrinth_mini_lab, nicolae_lab_t_cross, nicolae_lab_flowing_pool,
          nicolae_lab_dead_end, nicolae_lab_big_swirl, nicolae_lab_blocks
Ossuary:  ossuary_minmay_chase
IceCv:    ice_cave_caverns_03

Skill      XL: |  1  2  3  4  5  6  7  8  9 10 11 12 13 14 15 16 17 18 |
---------------+-------------------------------------------------------+-----
Spellcasting   | 3 4 5 6 8 9 11 13 | 13.6
Shields        | 1 2 3 4 7 11 14 16 | 16.0
Conjurations   | 4 5 6 8 9 11 13 | 13.6
Invocations    | 4 8 |  8.0
Dodging        | 4 9 12 13 | 13.0
Fighting       | 4 5 8 11 | 11.0
Translocations | 5 |  5.0
Stealth        | |  1.5

Action                   |  1- 3 |  4- 6 |  7- 9 | 10-12 | 13-15 | 16-18 || total
-------------------------+-------+-------+-------+-------+-------+-------++-------
Melee: Staff             |       |       |       |     4 |    25 |     4 ||    33
 Fire: Hunting sling     |    76 |   224 |   162 |    47 |       |       ||   509
 Cast: Magic Dart        |    17 |     6 |    15 |       |       |       ||    38
       Searing Ray       |     1 |    16 |    19 |       |       |       ||    36
       Iskenderun's Myst |       |       |   144 |   491 |  1133 |   686 ||  2454
       Force Lance       |       |       |       |       |    16 |   118 ||   134
       Blink             |       |       |       |       |     1 |     4 ||     5
       Passage of Golubr |       |       |       |       |     2 |     1 ||     3
       Orb of Destructio |       |       |       |       |       |   154 ||   154
Invok: Divine Energy     |       |       |     1 |       |       |       ||     1
       Channel Magic     |       |       |       |       |     2 |    11 ||    13
Evoke: Wand              |       |       |       |       |       |     1 ||     1
  Use: Scroll            |     3 |     4 |     3 |    11 |    14 |    11 ||    46
Armor: Robe              |     8 |    20 |       |       |     3 |    56 ||    87
       Ring mail         |       |    36 |    81 |    87 |       |       ||   204
       Leather armour    |       |     1 |       |       |       |       ||     1
       Troll leather arm |       |       |       |     6 |   177 |       ||   183
Dodge: Dodged            |    15 |    92 |   137 |   118 |   493 |   271 ||  1126
       Deflected         |       |       |       |       |     9 |    27 ||    36
Block: Buckler           |     4 |    42 |    77 |    78 |    88 |       ||   289
       Shield            |       |       |       |       |   202 |   242 ||   444

Table legend:
 A = Spawn XP
 B = Non-spawn XP
 C = Spawn XP percentage of total XP
 D = Spawn monster count
 E = Non-spawn monster count
 F = Spawn count percentage of total count
 G = Total turns spent on level
                    A         B        C        D         E        F      G
               +---------+---------+-------+---------+---------+-------+---------
         Total |       0 |  352628 |   0.0 |       0 |    1094 |   0.0 | 42460
               +---------+---------+-------+---------+---------+-------+---------
           D:1 |       0 |      28 |   0.0 |       0 |      16 |   0.0 |   770
           D:2 |       0 |      91 |   0.0 |       0 |      20 |   0.0 |   644
           D:3 |       0 |     266 |   0.0 |       0 |      23 |   0.0 |  1604
           D:4 |       0 |     848 |   0.0 |       0 |      36 |   0.0 |  1512
           D:5 |       0 |     970 |   0.0 |       0 |      23 |   0.0 |   915
           D:6 |       0 |    1166 |   0.0 |       0 |      10 |   0.0 |  1019
           D:7 |       0 |    1488 |   0.0 |       0 |      31 |   0.0 |  1026
           D:8 |       0 |    4334 |   0.0 |       0 |      41 |   0.0 |  1116
           D:9 |       0 |    4196 |   0.0 |       0 |      32 |   0.0 |   755
          D:10 |       0 |    3795 |   0.0 |       0 |      19 |   0.0 |  1272
          D:11 |       0 |   10340 |   0.0 |       0 |      53 |   0.0 |  1291
          D:12 |       0 |   19208 |   0.0 |       0 |      54 |   0.0 |  2001
        Lair:1 |       0 |    3488 |   0.0 |       0 |      14 |   0.0 |   692
        Lair:2 |       0 |    6690 |   0.0 |       0 |      26 |   0.0 |  1188
        Lair:3 |       0 |    6966 |   0.0 |       0 |      21 |   0.0 |  1325
        Lair:4 |       0 |    4522 |   0.0 |       0 |      25 |   0.0 |  1000
        Lair:5 |       0 |   10027 |   0.0 |       0 |      38 |   0.0 |  1481
        Lair:6 |       0 |   22315 |   0.0 |       0 |     110 |   0.0 |  2331
       Swamp:1 |       0 |   10740 |   0.0 |       0 |      33 |   0.0 |  1301
       Swamp:2 |       0 |    9767 |   0.0 |       0 |      25 |   0.0 |  1875
       Swamp:3 |       0 |   23254 |   0.0 |       0 |      31 |   0.0 |  1675
       Swamp:4 |       0 |   31738 |   0.0 |       0 |      54 |   0.0 |  1543
      Spider:1 |       0 |   22711 |   0.0 |       0 |      61 |   0.0 |  1619
      Spider:2 |       0 |    1826 |   0.0 |       0 |       5 |   0.0 |    20
         Orc:1 |       0 |    5916 |   0.0 |       0 |      28 |   0.0 |   871
         Orc:2 |       0 |   12929 |   0.0 |       0 |      62 |   0.0 |  1993
         Elf:1 |       0 |   27437 |   0.0 |       0 |      44 |   0.0 |  1588
         Elf:2 |       0 |   43032 |   0.0 |       0 |      55 |   0.0 |  4098
         Elf:3 |       0 |   51256 |   0.0 |       0 |      44 |   0.0 |  2468
           Lab |       0 |    1991 |   0.0 |       0 |       5 |   0.0 |   138
       Ossuary |       0 |      86 |   0.0 |       0 |      21 |   0.0 |   360
         IceCv |       0 |    9207 |   0.0 |       0 |      34 |   0.0 |   969
               +---------+---------+-------+---------+---------+-------+---------
